 Dungeon Crawl Stone Soup version 0.29-a0-378-gc08b2e8bf8 (webtiles) character file.

Game seed: 9375573668376218843

262 spaghetti the Slinger (level 6, -3/47 HPs)
             Began as a Gnoll Wanderer on May 4, 2022.
             Was an Initiate of Okawaru.
             Slain by an ogre
             ... wielding a +0 giant club
              (23 damage)
             ... on level 4 of the Dungeon.
             The game lasted 00:09:18 (2729 turns).

spaghetti the Slinger (Gnoll Wanderer)              Turns: 2729, Time: 00:09:18

Health: -3/47      AC:  3    Str:  9    XL:     6   Next: 18%
Magic:  14/14      EV: 12    Int: 14    God:    Okawaru [......]
Gold:   227        SH:  0    Dex: 13    Spells: 14/15 levels left

rFire   . . .      SeeInvis .   a - +1 hunting sling (vorpal) {sling}
rCold   . . .      Faith    .   (no shield)
rNeg    . . .      Spirit   .   c - +0 robe
rPois   .          Reflect  .   (no helmet)
rElec   .          Harm     .   (no cloak)
rCorr   .          Rampage  .   (no gloves)
Will    .....                   t - +0 pair of boots
Stlth   ++........              (no amulet)
HPRegen 0.15/turn               (no ring)
MPRegen 0.14/turn               (no ring)

@: mighty
A: fangs 1, strong nose, distributed training, MP-powered wands
a: Renounce Religion


You were on level 4 of the Dungeon.
You worshipped Okawaru.
Okawaru was noncommittal.
You visited 1 branch of the dungeon, and saw 4 of its levels.

You collected 227 gold pieces.


Innate Abilities, Weirdness & Mutations

You have very sharp teeth.
Your uncanny sense of smell can sniff out nearby items.
Your experience applies equally to all skills.
You expend magic power (3 MP) to strengthen your wands.


   Skills:
 + Level 3.2 Fighting
 + Level 1.8 Short Blades
 + Level 1.8 Long Blades
 + Level 1.8 Axes
 + Level 1.8 Maces & Flails
 + Level 1.8 Polearms
 + Level 1.8 Staves
 + Level 8.7 Slings
 + Level 1.8 Bows
 + Level 1.8 Crossbows
 + Level 1.8 Throwing
 + Level 4.9 Armour
 + Level 1.8 Dodging
 + Level 1.8 Stealth
 + Level 1.8 Shields
 + Level 1.8 Unarmed Combat
 + Level 5.3 Spellcasting
 + Level 1.4 Conjurations
 + Level 1.4 Hexes
 + Level 1.4 Summonings
 + Level 1.4 Necromancy
 + Level 1.4 Translocations
 + Level 1.4 Transmutations
 + Level 2.6 Fire Magic
 + Level 1.4 Ice Magic
 + Level 1.4 Air Magic
 + Level 1.4 Earth Magic
 + Level 1.4 Poison Magic
 + Level 2.0 Invocations
 + Level 1.8 Evocations


You had 14 spell levels left.
You knew the following spells:

 Your Spells              Type           Power      Damage    Failure   Level
a - Foxfire               Conj/Fire      36%        2x1d5     8%          1

Your spell library contained the following spells:

 Spells                   Type           Power      Damage    Failure   Level
 Conjure Flame            Conj/Fire      9%         6-21      22%         3
 Inner Flame              Hex/Fire       9%         N/A       22%         3
 Flame Wave               Conj/Fire      9%         2d5       58%         4

Inventory:

Hand Weapons
 a - a +1 vorpal hunting sling (weapon) {sling}
 e - a +0 flail {mace}
   (You took it off an orc on level 3 of the Dungeon)
 h - a +0 quarterstaff {staff}
   (You found it on level 3 of the Dungeon)
Missiles
 d - a throwing net {=f!fthrowing}
 k - 67 stones {throwing}
 q - 6 boomerangs {throwing}
Armour
 c - a +0 robe (worn)
 t - a +0 pair of boots (worn)
   (You found it on level 4 of the Dungeon)
Magical Staves
 r - a staff of poison {!astaff}
   (You found it on level 3 of the Dungeon)
Scrolls
 f - 5 scrolls of identify {unknown}
 g - a scroll of amnesia {unknown}
 i - 2 scrolls of blinking {unknown}
 j - a scroll of fear {unknown}
 m - 2 scrolls of poison {unknown}
 n - a scroll of enchant weapon {unknown}
 o - a scroll of fog {unknown}
 s - a scroll of noise {unknown}
Potions
 b - 2 potions of attraction {!q}
 l - a potion of haste {@q3}
 p - a potion of might

Dungeon Overview and Level Annotations

Branches:
Dungeon (4/15)
 Temple: D:4-7

Altars:
Okawaru

Annotations:
D:3 Grinder

#...#..... #.# ####
#..#..... #.o
#..####..####.. #..
#..)......###.# ..
#.###..<...##.# #o
#.###...#.....#
#.###.#.......†....
#.O##...##.#...##.#
#.@...####.#.......
#....## #.#..##...
##...# .....##...
#....# ..#.# #...
.....## ..#. ###.
##.#... #. .......
.. #.#....# ##


You could see an ogre and 2 orcs.


Message History

You are too injured to fight recklessly!
You are too injured to fight recklessly!
You are too injured to fight recklessly!
You are too injured to fight recklessly!
You are too injured to fight recklessly!
You are too injured to fight recklessly!
You are too injured to fight recklessly!
You are too injured to fight recklessly!
You are too injured to fight recklessly!
You are too injured to fight recklessly!
You are too injured to fight recklessly!
You are too injured to fight recklessly!
You are too injured to fight recklessly!
You are too injured to fight recklessly!
You are too injured to fight recklessly!
You are too injured to fight recklessly!
Fire: a) +1 hunting sling (vorpal) {sling}
Press: ? - help, Q - select action, (/) - cycle Shift-Dir - straight line, f/p - adder
Aim: an adder (severely wounded, 44% to hit)
You shoot a sling bullet. The sling bullet hits the adder.
You kill the adder!
Okawaru accepts your kill. 😕 HP[+1]
You see here a +0 pair of boots.
t - a +0 pair of boots You start putting on your armour.
You continue putting on your +0 pair of boots. x4
You finish putting on your +0 pair of boots. 😕 HP[+1]
An orc comes into view.
It is wielding a +0 short sword. 😎 HP[+1]
Your hp is fully restored (47).
An orc is nearby!
An orc is nearby!
An orc is nearby!
You shoot a sling bullet. The orc shouts!
The sling bullet hits the orc but does no damage.
You shoot a sling bullet.
The sling bullet hits the orc but does no damage.
The orc throws a stone.
The stone hits you but does no damage.
You shoot a sling bullet. The sling bullet hits the orc.
You shoot a sling bullet. The sling bullet hits the orc.
You kill the orc!
Okawaru accepts your kill.
No target in view!
No target in view!
No target in view!
No target in view!
No target in view!
No target in view!
No target in view!
No target in view!
No target in view!
No target in view!
No target in view!
No target in view!
No target in view!
No target in view!
No target in view!
No target in view!
No target in view!
No target in view!
No target in view!
No target in view!
No target in view!
No target in view!
No target in view!
No target in view!
No target in view!
No target in view!
No target in view!
No target in view!
No target in view!
No target in view!
k - 67 stones {throwing} (gained 19)
You see here a +0 short sword {short}. 😎 MP[+1]
Your mp is fully restored (14).
An ogre comes into view. It is wielding a +0 giant club.
The ogre shouts!
You hear a shout!
The ogre moves out of view.
An orc comes into view. It is wielding a +0 trident.
There are monsters nearby!
You shoot a sling bullet. The sling bullet hits the ogre.
You shoot a sling bullet.
The sling bullet barely misses the ogre.
You shoot a sling bullet. The sling bullet hits the ogre.
The ogre hits you with a +0 giant club!!
Ouch! That really hurt!
* * * LOW HITPOINT WARNING * * *
An orc comes into view. It is wielding a +0 whip. 😨 HP[-27]
You take 27 damage, and now have 20/47 hp.
MASSIVE DAMAGE!! (PAUSE)
You aren't carrying any items that you can evoke.
It was a potion of might.
You feel very mighty all of a sudden.
The ogre hits you with a +0 giant club!!
You die...

Skill      XL: |  1  2  3  4  5 |
---------------+----------------+-----
Fire Magic     | 2 |  2.6
Spellcasting   | 5 |  5.3
Invocations    | 1 2 |  2.0
Short Blades   | 1 |  1.8
Long Blades    | 1 |  1.8
Axes           | 1 |  1.8
Maces & Flails | 1 |  1.8
Polearms       | 1 |  1.8
Staves         | 1 |  1.8
Bows           | 1 |  1.8
Crossbows      | 1 |  1.8
Throwing       | 1 |  1.8
Dodging        | 1 |  1.8
Stealth        | 1 |  1.8
Shields        | 1 |  1.8
Unarmed Combat | 1 |  1.8
Evocations     | 1 |  1.8
Conjurations   | 1 |  1.4
Hexes          | 1 |  1.4
Summonings     | 1 |  1.4
Necromancy     | 1 |  1.4
Translocations | 1 |  1.4
Transmutations | 1 |  1.4
Ice Magic      | 1 |  1.4
Air Magic      | 1 |  1.4
Earth Magic    | 1 |  1.4
Poison Magic   | 1 |  1.4
Fighting       | 3 |  3.2
Slings         | |  8.7
Armour         | |  4.9

Action                   |  1- 3 |  4- 6 || total
-------------------------+-------+-------++-------
Melee: Unarmed           |       |    10 ||    10
       Punch             |       |     1 ||     1
       Bite              |       |     1 ||     1
 Fire: Hunting sling     |    78 |   123 ||   201
 Cast: Foxfire           |     4 |     7 ||    11
  Use: Potion            |       |     4 ||     4
Armor: Robe              |     2 |     3 ||     5
       Skin              |       |    10 ||    10
Dodge: Dodged            |    13 |    24 ||    37

Levels and vault maps discovered:
D:1:      spicycebolla_arrival_transporter_tutorial, layout_basic,
          minmay_worlds_worst_comb
D:2:      layout_loops_cross, grunt_ministairs_11, st_stairs_14,
          kennysheep_generic_room_8, uniq_jessica
D:3:      layout_loops_ring, kennysheep_okawaru_gauntlet,
          nicolae_ecumenical_oubliette, uniq_grinder
D:4:      layout_rooms, overflow_temple_1_default, serial_shops, shop

Notes
Turn   | Place    | Note
-------+----------+-------------------------------------------
     0 | D:1      | spaghetti the Gnoll Wanderer began the quest for the Orb.
     0 | D:1      | spaghetti set off with the following items: a +1 vorpal
                  | hunting sling {sling}, a potion of attraction {!q}, a +0
                  | robe; and the following spell memorised: Foxfire; and the
                  | following spells available to memorise: Conjure Flame
     0 | D:1      | Reached XP level 1. HP: 17/17 MP: 6/6
     0 | D:1      | magus.rc [v1.9.6]
    79 | D:1      | Reached skill level 2 in Fire Magic
    79 | D:1      | Reached XP level 2. HP: 23/23 MP: 7/7
   345 | D:1      | Reached XP level 3. HP: 28/28 MP: 9/9
   367 | D:1      | Reached skill level 5 in Spellcasting
   491 | D:1      | Reached skill level 1 in Invocations
  1023 | D:2      | Reached skill level 1 in Short Blades
  1023 | D:2      | Reached skill level 1 in Long Blades
  1023 | D:2      | Reached skill level 1 in Axes
  1023 | D:2      | Reached skill level 1 in Maces & Flails
  1023 | D:2      | Reached skill level 1 in Polearms
  1023 | D:2      | Reached skill level 1 in Staves
  1023 | D:2      | Reached skill level 1 in Bows
  1023 | D:2      | Reached skill level 1 in Crossbows
  1023 | D:2      | Reached skill level 1 in Throwing
  1023 | D:2      | Reached skill level 1 in Dodging
  1023 | D:2      | Reached skill level 1 in Stealth
  1023 | D:2      | Reached skill level 1 in Shields
  1023 | D:2      | Reached skill level 1 in Unarmed Combat
  1023 | D:2      | Reached skill level 1 in Evocations
  1099 | D:2      | Reached XP level 4. HP: 34/34 MP: 11/11
  1337 | D:2      | Noticed Jessica
  1341 | D:2      | Killed Jessica
  1342 | D:2      | Reached skill level 1 in Conjurations
  1342 | D:2      | Reached skill level 1 in Hexes
  1342 | D:2      | Reached skill level 1 in Summonings
  1342 | D:2      | Reached skill level 1 in Necromancy
  1342 | D:2      | Reached skill level 1 in Translocations
  1342 | D:2      | Reached skill level 1 in Transmutations
  1342 | D:2      | Reached skill level 1 in Ice Magic
  1342 | D:2      | Reached skill level 1 in Air Magic
  1342 | D:2      | Reached skill level 1 in Earth Magic
  1342 | D:2      | Reached skill level 1 in Poison Magic
  1544 | D:2      | Reached XP level 5. HP: 34/40 MP: 12/12
  1892 | D:3      | You pick up a book of Flames and begin reading...
  1892 | D:3      | You add the spells Inner Flame and Flame Wave to your
                  | library.
  1930 | D:3      | Found a faded altar of an unknown god.
  1936 | D:3      | Noticed Grinder
  1938 | D:3      | Paralysed by Grinder for 3 turns
  1941 | D:3      | Gained mutation: You expend magic power (3 MP) to
                  | strengthen your wands. [potion of mutation]
  1948 | D:3      | Paralysed by Grinder for 5 turns
  1967 | D:3      | HP: 11/60 [Grinder (6)]
  2407 | D:3      | Reached skill level 3 in Fighting
  2497 | D:3      | Found an iron altar of Okawaru.
  2526 | D:3      | Became a worshipper of Warmaster Okawaru
  2553 | D:4      | Noticed an ogre
  2561 | D:4      | Killed an ogre
  2562 | D:4      | Reached skill level 2 in Invocations
  2562 | D:4      | Reached XP level 6. HP: 46/47 MP: 13/13
  2729 | D:4      | Slain by an ogre

Vanquished Creatures
  An ogre (D:4)
  Jessica (D:2)
  A gnoll (D:1)
  4 adders
  2 worms (D:2)
  4 dart slugs
  2 orcs
  6 ball pythons
  6 bats
  6 endoplasms
  8 giant cockroaches
  11 goblins
  10 hobgoblins
  8 jackals
  2 kobolds
  3 quokkas
  3 frilled lizards
  6 rats
84 creatures vanquished.

Vanquished Creatures (others)
  9 foxfires
9 creatures vanquished.

Grand Total: 93 creatures vanquished

Table legend:
 A = Non-vault XP
 B = Vault XP
 C = Vault XP percentage of total XP
 D = Non-vault monster count
 E = Vault monster count
 F = Vault count percentage of total count
                 A         B        C        D         E       F
            +---------+---------+-------+---------+---------+-------
      Total |     312 |      63 |  16.8 |      71 |      13 |  15.5
            +---------+---------+-------+---------+---------+-------
        D:1 |      57 |      12 |  17.4 |      25 |       6 |  19.4
        D:2 |      64 |      47 |  42.3 |      19 |       5 |  20.8
        D:3 |      51 |       4 |   7.3 |      20 |       2 |   9.1
        D:4 |     140 |       0 |   0.0 |       7 |       0 |   0.0
            +---------+---------+-------+---------+---------+-------

Illustrated notes

Table legend:
 A = Kills in this place as a percentage of kills in entire the game.
 B = Kills by you in this place as a percentage of kills by you in the entire game.
 C = Kills by friends in this place as a percentage of kills by friends in the entire game.
 D = Other kills in this place as a percentage of other kills in the entire game.
 E = Experience gained in this place as a percentage of experience gained in the entire game.
 F = Experience gained in this place divided by the number of levels of this place that you have seen.
                   A       B       C       D       E      F
               +-------+-------+-------+-------+-------+----------------------
         Total | 100.0 | 100.0 |   N/A |   N/A | 100.0 |  93.8
       Dungeon | 100.0 | 100.0 |   N/A |   N/A | 100.0 |  93.8
               +-------+-------+-------+-------+-------+----------------------

Table legend: (Time is in decaauts)
 A = Elapsed time spent in this place.
 B = Non-inter-level travel time spent in this place.
 C = Inter-level travel time spent in this place.
 D = Time resting spent in this place.
 E = Time spent auto-exploring this place.
 F = Levels seen in this place.
 G = Mean time per level.
                   A        B        C        D        E       F      G
               +--------+--------+--------+--------+--------+-----+--------+
         Total |   2743 |   2636 |    107 |    200 |   1996 |   4 |  685.8 |
       Dungeon |   2743 |   2636 |    107 |    200 |   1996 |   4 |  685.8 |
               +--------+--------+--------+--------+--------+-----+--------+

Top non-repeatable levels by time:
     D:2: 1050 daAuts
     D:1: 1021 daAuts
     D:3: 484 daAuts
     D:4: 187 daAuts
